 Dungeon Crawl Stone Soup version 0.29-a0-649-g45c230d69a (webtiles) character file.

Game seed: 3092930639383030912

186 Essalna the Conjurer (level 5, -1/31 HPs)
             Began as a Tengu Conjurer on June 21, 2022.
             Slain by Grinder (8 damage)
             ... on level 3 of the Dungeon.
             The game lasted 00:04:05 (3195 turns).

Essalna the Conjurer (Tengu Conjurer)               Turns: 3195, Time: 00:04:05

Health: -1/31      AC:  2    Str:  7    XL:     5   Next: 65%
Magic:  4/11       EV: 14    Int: 20    God:
Gold:   227        SH:  0    Dex: 13    Spells: 3/10 levels left

rFire   . . .      SeeInvis .   n - +2 short sword (venom)
rCold   . . .      Faith    .   (no shield)
rNeg    . . .      Spirit   .   a - +0 robe
rPois   .          Reflect  .   (helmet restricted)
rElec   .          Harm     .   (no cloak)
rCorr   .          Rampage  .   (no gloves)
Will    .....                   (boots unavailable)
Stlth   ++........              (no amulet)
HPRegen 0.10/turn               (no ring)
MPRegen 0.12/turn               (no ring)

@: flying quickly and evasively, quick
A: beak, talons 3, nimble flight
a: no special abilities


You were on level 3 of the Dungeon.
You visited 1 branch of the dungeon, and saw 3 of its levels.

You collected 227 gold pieces.

Inventory:

Hand Weapons
 n - a +2 short sword of venom (weapon)
Armour
 a - a +0 robe (worn)
Scrolls
 c - 3 scrolls of identify {unknown}
 e - 2 scrolls of silence {unknown}
 g - 2 scrolls of torment {unknown}
 h - 2 scrolls of fear {unknown}
 i - a scroll of enchant armour {unknown}
 j - 2 scrolls of enchant weapon {unknown}
 l - 2 scrolls of noise {unknown}
 m - a scroll of vulnerability {unknown}
Potions
 b - a potion of magic
 d - 6 potions of curing {unknown}
 f - 2 potions of cancellation {unknown}
 k - 3 potions of heal wounds {unknown}
 o - a potion of mutation {unknown}
 p - a potion of ambrosia {unknown}


   Skills:
 + Level 2.6 Fighting
 - Level 2.1 Dodging
 - Level 2.0 Stealth
 + Level 3.3 Spellcasting
 + Level 6.6 Conjurations
 + Level 0.8 Translocations


You had 3 spell levels left.
You knew the following spells:

 Your Spells              Type           Power      Damage    Failure   Level
a - Magic Dart            Conj           100%       1d8       1%          1
b - Searing Ray           Conj           60%        2d6       1%          2
c - Iskenderun's Mystic   Conj/Tloc      18%        2d6       30%         4

Your spell library contained the following spells:

 Spells                   Type           Power      Damage    Failure   Level
 Dazzling Flash           Conj/Hex       32%        N/A       11%         3
 Mephitic Cloud           Conj/Pois/Air  12%        N/A       17%         3
 Ignite Poison            Fire/Tmut/Pois 3%         N/A       38%         3
 Fulminant Prism          Conj/Hex       8%         3d7       34%         4
 Freezing Cloud           Conj/Ice/Air   6%         6-21      83%         5


Dungeon Overview and Level Annotations

Branches:
Dungeon (3/15)

Altars:

Annotations:
D:3 Grinder


Innate Abilities, Weirdness & Mutations

You have a beak for a mouth.
You have claws for feet.
Your magical nature lets you fly swiftly and evasively.


Message History

You kill the goblin!
You can't see any susceptible monsters within range! (Use Z to cast anyway.)
Found 4 stones.
Items here: )) ††.
You see here 4 stones.
Key pressed, stopping explore.
Things that are here:
a +0 dagger; a stone You now have 227 gold pieces (gained 16).
Grinder and an endoplasm come into view.
Found a worn iron wand.
There are monsters nearby!
Casting: Magic Dart (safe; 1% risk of failure)
Confirm with . or Enter, or press ? or * to list all spells.
Aiming: Searing Ray (safe; 1% risk of failure)
Press: ? - help, Shift-Dir - straight line, f - Grinder
Aim: Grinder (77% to hit)
The searing ray hits Grinder.
Grinder is lightly wounded. (Press . to maintain the ray.)
The searing ray hits Grinder.
Grinder is lightly wounded.
The searing ray hits Grinder but does no damage.
Grinder is lightly wounded.
Grinder hits you!
You writhe in agony.
The searing ray hits Grinder.
Grinder is moderately wounded.
You finish channelling your searing ray.
Grinder hits you!
You writhe in agony.
* * * LOW HITPOINT WARNING * * *
Casting: Searing Ray (safe; 1% risk of failure)
Confirm with . or Enter, or press ? or * to list all spells.
Aiming: Searing Ray (safe; 1% risk of failure)
Press: ? - help, Shift-Dir - straight line, f/p - Grinder
Aim: Grinder (moderately wounded, 77% to hit)
The searing ray hits Grinder.
Grinder is heavily wounded. (Press . to maintain the ray.) Grinder hits you!
You die...

#.....###.#########
#..................
#.....#.###........
#..................
#.##.###.##........
#.##.###.##........
#.....##.##........
#.##.....########..
#.##@##### ..
#.##5# ####.#
#.J.........#
#........./.#
#..............
#..............
#####?.........
###########


You could see Grinder.

Vanquished Creatures
  Jessica (D:2)
  2 orc wizards (D:3)
  Robin (D:3)
  3 adders
  A worm (D:2)
  2 orcs (D:3)
  4 endoplasms
  3 giant cockroaches
  14 goblins
  7 hobgoblins
  2 jackals (D:1)
  6 kobolds
  2 quokkas (D:2)
  4 ball pythons
  6 bats
  2 frilled lizards
  2 rats
62 creatures vanquished.

Notes
Turn   | Place    | Note
-------+----------+-------------------------------------------
     0 | D:1      | Essalna the Tengu Conjurer began the quest for the Orb.
     0 | D:1      | Reached XP level 1. HP: 10/10 MP: 4/4
   110 | D:1      | Reached XP level 2. HP: 13/16 MP: 0/6
   115 | D:1      | Learned a level 2 spell: Searing Ray
   324 | D:1      | Found a faded altar of an unknown god.
   419 | D:1      | Reached skill level 1 in Fighting
   964 | D:2      | Reached XP level 3. HP: 20/20 MP: 5/7
  1162 | D:2      | Noticed Jessica
  1169 | D:2      | Killed Jessica
  1170 | D:2      | Reached skill level 6 in Conjurations
  1424 | D:2      | Reached XP level 4. HP: 21/26 MP: 5/9
  2339 | D:3      | Noticed Robin
  2343 | D:3      | Killed Robin
  2680 | D:3      | Learned a level 4 spell: Iskenderun's Mystic Blast
  2789 | D:3      | Gained mutation: Your magical nature lets you fly swiftly
                  | and evasively. [Tengu growth]
  2789 | D:3      | Reached XP level 5. HP: 30/30 MP: 5/10
  3186 | D:3      | Noticed Grinder
  3195 | D:3      | Slain by Grinder

Illustrated notes

Levels and vault maps discovered:
D:1:      lightli_arrival_windingriver, layout_basic,
          hellmonk_ecumenical_altar_arch_garden, minmay_tall_x
D:2:      layout_loops_corners, kennysheep_jessica_study
D:3:      layout_basic, uniq_robin, uniq_grinder

Skill      XL: |  1  2  3  4 |
---------------+-------------+-----
Fighting       | 1 2 |  2.6
Conjurations   | 6 |  6.6
Spellcasting   | 3 |  3.3
Dodging        | |  2.1
Stealth        | |  2.0
Translocations | |  0.8

Action                   |  1- 3 |  4- 6 || total
-------------------------+-------+-------++-------
Melee: Unarmed           |    11 |       ||    11
       Kick              |     5 |     1 ||     6
       Peck              |     2 |       ||     2
       Short sword       |       |     3 ||     3
 Cast: Magic Dart        |    50 |    73 ||   123
       Searing Ray       |       |     2 ||     2
Armor: Robe              |     3 |     1 ||     4
Dodge: Dodged            |    10 |     2 ||    12

Table legend: (Time is in decaauts)
 A = Elapsed time spent in this place.
 B = Non-inter-level travel time spent in this place.
 C = Inter-level travel time spent in this place.
 D = Time resting spent in this place.
 E = Time spent auto-exploring this place.
 F = Levels seen in this place.
 G = Mean time per level.
                   A        B        C        D        E       F      G
               +--------+--------+--------+--------+--------+-----+--------+
         Total |   3182 |   3150 |     32 |      0 |   2838 |   3 | 1060.7 |
       Dungeon |   3182 |   3150 |     32 |      0 |   2838 |   3 | 1060.7 |
               +--------+--------+--------+--------+--------+-----+--------+

Top non-repeatable levels by time:
     D:2: 1389 daAuts
     D:3: 997 daAuts
     D:1: 795 daAuts
